 Dungeon Crawl Stone Soup version 0.28-a0-529-g3bad584f25 (webtiles) character file.

Game seed: 4954323230674650463

67 omnomnOMINOUS the Ducker (level 4, 0/45 HPs)
             Began as an Octopode Wanderer on Sept 24, 2021.
             Was a Believer of Cheibriados.
             Succumbed to an adder's poison
             ... on level 2 of the Dungeon.
             The game lasted 00:02:34 (1390 turns).

omnomnOMINOUS the Ducker (Octopode Wanderer)        Turns: 1390, Time: 00:02:34

Health: 0/45       AC: 22    Str: 14 (15) XL:     4   Next: 16%
Magic:  2/6        EV:  2    Int: 18 (19) God:    Cheibriados [**....]
Gold:   39         SH:  0    Dex: 19 (21) Spells: 5/5 levels left

rFire   . . .      SeeInvis .   a - +0 short sword
rCold   . . .      Faith    .   (no shield)
rNeg    + + +      Spirit   .   (helmet currently unavailable)
rPois   +          Reflect  .   (no amulet)
rElec   .          Harm     .   e - +6 ring of dexterity
rCorr   .          Rampage  .   (no ring)
Will    .....      NoTele   +   (no ring)
Stlth   ++........              (no ring)
HPRegen 0.15/turn               (no ring)
MPRegen 0.10/turn               (no ring)
                                (no ring)
                                (no ring)

@: lethally poisoned (0 -> -1), tree-form, very slow
A: stationary, stasis, torment immunity, boosted hp, almost no armour,
(amphibious), 8 rings, (camouflage 1), (gelatinous body 1), (nimble swimmer 1),
(tentacles)
a: Renounce Religion, Bend Time


You were on level 2 of the Dungeon.
You worshipped Cheibriados.
Cheibriados was pleased with you.
You were a tree.
You visited 1 branch of the dungeon, and saw 2 of its levels.

You collected 39 gold pieces.

Inventory:

Hand Weapons
 a - a +0 short sword (weapon)
 b - a +0 glaive
Magical Staves
 f - a staff of death
Jewellery
 e - a +6 ring of dexterity (left branch)
Potions
 g - a potion of lignification


   Skills:
 + Level 2.7 Fighting
 - Level 2.0 Short Blades
 - Level 1.0 Throwing
 + Level 3.5 Dodging
 - Level 1.3 Stealth
 - Level 1.0 Unarmed Combat
 + Level 1.4 Spellcasting
 + Level 1.7 Invocations


You had 5 spell levels left.
You didn't know any spells.
Your spell library was empty.

Dungeon Overview and Level Annotations

Branches:
Dungeon (2/15)

Altars:
Cheibriados


Innate Abilities, Weirdness & Mutations

You are a tree.
Your roots penetrate the ground, keeping you stationary.
You cannot be teleported.
You are immune to unholy pain and torment.
Your maximum health is greatly increased.
You cannot wear most types of armour.
((You are amphibious.))
You can wear up to eight rings at the same time.
((Your skin changes colour to match your surroundings (Stealth+).))
((Your rubbery body absorbs attacks. (AC +1, EV +1)))
((You are camouflaged near water. (Stealth+)))
((You have tentacles for arms and can constrict up to eight enemies at once.))


Message History

You hit the adder but do no damage. Your grab misses the adder.
The adder is almost dead.
You feel sick. The adder bites you.
* * * LOW HITPOINT WARNING * * *
Unknown command.
Really quaff the potion of lignification?
You turn into a tree.
Your roots penetrate the ground.
* * * LOW HITPOINT WARNING * * *
You feel sick. The gnoll hits you but does no damage.
The adder bites you but does no damage.
Unknown command.
It was a potion of degeneration.
There was something very wrong with that liquid.
You feel weakened.
You feel dopey.
You feel clumsy.
* * * LOW HITPOINT WARNING * * *
You feel sick. The gnoll hits you but does no damage.
The adder bites you but does no damage.
Unknown command.
You hit the adder.
You kill the adder!
Cheibriados appreciates the change of pace.
* * * LOW HITPOINT WARNING * * *
You feel sick.
Unknown command.
You hit the gnoll.
The gnoll is heavily wounded.
The gnoll hits you with a +0 flail.
* * * LOW HITPOINT WARNING * * *
Unknown command.
Okay, then.
Unknown command.
As you read the scroll labelled OBAHAE UT GOGI, it crumbles to dust.
You feel a strange sense of stasis.
It was a scroll of teleportation.
* * * LOW HITPOINT WARNING * * *
You feel sick.
Unknown command.
Unknown command.
You hit the gnoll.
The gnoll is heavily wounded.
You die...

#.####.##.#
#.........#
#.........#
##.........#
##.......().#
............#####
#.......<†......
##...))†...#####
#####♣#..$.#
#g#.....(.
..#....###
####.#### #.. ###


You could see a gnoll (slow).

Vanquished Creatures
  2 gnolls (D:2)
  An adder (D:2)
  3 dart slugs
  4 endoplasms (D:1)
  A giant cockroach (D:1)
  2 goblins (D:1)
  4 hobgoblins (D:1)
  4 jackals (D:1)
  A quokka (D:1)
  2 ball pythons (D:1)
  2 bats (D:1)
  A frilled lizard (D:1)
  2 kobolds (D:1)
  A rat (D:1)
30 creatures vanquished.

Notes
Turn   | Place    | Note
-------+----------+-------------------------------------------
     0 | D:1      | omnomnOMINOUS the Octopode Wanderer began the quest for the
                  | Orb.
     0 | D:1      | omnomnOMINOUS set off with the following items: a +0 short
                  | sword, a potion of lignification
     0 | D:1      | Reached XP level 1. HP: 14/14 MP: 1/1
    39 | D:1      | Found a faded altar of an unknown god.
    53 | D:1      | Became a worshipper of Cheibriados the Contemplative
    53 | D:1      | Reached * piety under Cheibriados
   399 | D:1      | Reached XP level 2. HP: 3/19 MP: 2/2
   697 | D:1      | Reached skill level 1 in Invocations
   979 | D:1      | Reached ** piety under Cheibriados
  1048 | D:1      | Reached skill level 1 in Spellcasting
  1062 | D:1      | Reached XP level 3. HP: 25/25 MP: 4/4
  1378 | D:2      | Reached XP level 4. HP: 30/30 MP: 4/6
  1388 | D:2      | HP: 2/45 [gnoll (1)]
  1390 | D:2      | Succumbed to an adder's poison

Illustrated notes

Levels and vault maps discovered:
D:1:      minmay_arrival_hallway, layout_basic,
          shapermc_ecumenical_altar_pompeii
D:2:      layout_loops_ring, uniq_terence

Skill      XL: |  1  2 |
---------------+-------+-----
Invocations    | 1 |  1.7
Spellcasting   | 1 |  1.4
Fighting       | |  2.7
Short Blades   | |  2.0
Throwing       | |  1.0
Dodging        | |  3.5
Stealth        | |  1.3
Unarmed Combat | |  1.0

Action                   |  1- 3 |  4- 6 || total
-------------------------+-------+-------++-------
Melee: Short sword       |    59 |     8 ||    67
       Tentacles         |    15 |       ||    15
       Constrict         |    12 |       ||    12
       Punch             |     1 |       ||     1
Invok: Bend Time         |       |     1 ||     1
  Use: Potion            |       |     2 ||     2
       Scroll            |       |     1 ||     1
 Stab: Sleeping          |    12 |       ||    12
Armor: Skin              |     9 |     4 ||    13
Dodge: Dodged            |    54 |     8 ||    62

Table legend: (Time is in decaauts)
 A = Elapsed time spent in this place.
 B = Non-inter-level travel time spent in this place.
 C = Inter-level travel time spent in this place.
 D = Time resting spent in this place.
 E = Time spent auto-exploring this place.
 F = Levels seen in this place.
 G = Mean time per level.
                   A        B        C        D        E       F      G
               +--------+--------+--------+--------+--------+-----+--------+
         Total |   1598 |   1585 |     13 |    761 |    553 |   2 |  799.0 |
       Dungeon |   1598 |   1585 |     13 |    761 |    553 |   2 |  799.0 |
               +--------+--------+--------+--------+--------+-----+--------+

Top non-repeatable levels by time:
     D:1: 1578 daAuts
     D:2: 20 daAuts
